 Dungeon Crawl Stone Soup version 0.32-a0-995-gb4a59205af (webtiles) character file.

Game seed: 6726500910032446737

893 jasper the Ruffian (level 7, -5/70 HPs)
             Began as a Troll Fighter on Apr 22, 2024.
             Was a Priest of Jiyva.
             Slain by a gnoll sergeant
             ... wielding a +0 trident
              (10 damage)
             ... on level 3 of the Dungeon.
             The game lasted 00:05:19 (3383 turns).

jasper the Ruffian (Troll Fighter)                  Turns: 3383, Time: 00:05:20

Health: -5/70      AC:  4    Str: 25    XL:     7   Next: 78%
Magic:  6/6        EV:  8    Int:  4    God:    Jiyva [***...]
Gold:   532        SH:  8    Dex: 11    Spells: 6/6 levels left

rFire   + +          +
                       - Unarmed
rCold   . . .        b - +0 kite shield
rNeg    + . .        a - +0 robe
rPois   .            (helmet restricted)
rElec   .            (no cloak)
rCorr   +            (gloves unavailable)
SInv    .            (boots unavailable)
Will    .....        (no amulet)
Stlth   +            d - ring of positive energy
HPRegen 2.23/turn    (no ring)
MPRegen 0.66/turn

%: no passive effects
@: no status effects
A: large, unfitting armour, claws 3, regeneration 1, shaggy fur 1, tough skin 1,
fire resistance 3, jelly absorbing missiles
a: Renounce Religion, Oozemancy


You were on level 3 of the Dungeon.
You worshipped Jiyva.
Jiyva was most pleased with you.
You visited 1 branch of the dungeon, and saw 5 of its levels.

You collected 532 gold pieces.

Inventory:

Missiles
 f - 36 stones (quivered)
Armour
 a - a +0 robe (worn)
 b - a +0 kite shield (worn)
Jewellery
 d - a ring of positive energy (left claw)
 o - a ring of willpower
Talismans
 q - a blade talisman
Wands
 j - a wand of warping (10)
 m - a wand of polymorph (4)
Scrolls
 c - a scroll of fear {unknown}
 i - 3 scrolls of vulnerability
 n - a scroll of teleportation
 p - a scroll of identify
Potions
 e - a potion of mutation
 g - a potion of enlightenment {unknown}
 h - a potion of brilliance
 k - 2 potions of degeneration {unknown}
 l - a potion of curing {unknown}


   Skills:
 + Level 4.0 Fighting
 + Level 4.1 Dodging
 + Level 4.5 Shields
 * Level 5.8 Unarmed Combat


You had 6 spell levels left.
You didn't know any spells.
Your spell library contained the following spells:

 Spells                   Type           Power      Damage    Failure   Level
 Kiss of Death            Conj/Necr      0%         2d5       75%         1
 Lesser Beckoning         Tloc           0%         N/A       87%         2
 Confusing Touch          Hex            0%         N/A       98%         3
 Maxwell's Portable Pile  Tloc           0%         2d(5-13)  98%         3
 Teleport Other           Tloc           0%         N/A       98%         3
 Dispel Undead            Necr           0%         3d6       100%        4


Dungeon Overview and Level Annotations

Branches:
Dungeon (5/15)
 Temple: D:4-7

Altars:
Makhleb
Ru
Trog
Jiyva

Annotations:
D:4 exclusion: moth of wrath


Innate Abilities, Weirdness & Mutations

You are too large for most types of armour.
You have claws for hands.
Your natural rate of healing is unusually fast.
You are covered in fur. (AC +1)
You have tough skin. (AC +1)
Your flesh is almost immune to the effects of heat. (rF+++)
You have a small jelly attached to you that may absorb projectiles.


Message History

The gnoll sergeant barely misses you.
You regained 2 hp, and now have 34/70 hp.
You mangle the gnoll!!
You kill the gnoll!
The gnoll sergeant hits you from afar with a +0 trident.
The gnoll hits you from afar with a +0 spear.
You take 1 damage, and have 33/70 hp.
You block the gnoll's attack.
The gnoll sergeant hits you from afar with a +0 trident.
You hear a distant slurping noise.
Things that are here:
a +0 dagger; an orc corpse You take 3 damage, and have 30/70 hp.
You closely miss the gnoll.
The gnoll sergeant hits you from afar with a +0 trident!
* * * LOW HITPOINT WARNING * * *
The gnoll hits you with a +0 spear!
* * * LOW HITPOINT WARNING * * *
You hear a distant slurping noise.
You take 16 damage, and have 14/70 hp.
MASSIVE DAMAGE!!
You closely miss the gnoll. You block the gnoll sergeant's attack.
You block the gnoll's attack.
You regained 2 hp, and now have 16/70 hp.
You mangle the gnoll!!
You kill the gnoll!
The gnoll sergeant hits you from afar with a +0 trident!
* * * LOW HITPOINT WARNING * * *
You hear a distant slurping noise.
You take 8 damage, and have 8/70 hp.
Okay, then.
You block the gnoll sergeant's attack.
You regained 3 hp, and now have 11/70 hp.
You scratch the gnoll sergeant but do no damage.
The gnoll sergeant hits you with a +0 trident!
* * * LOW HITPOINT WARNING * * *
You take 8 damage, and have 3/70 hp.
You barely miss the gnoll sergeant.
The gnoll sergeant hits you with a +0 trident!
You die...
Jiyva sends a jelly to digest your remains.

.....................
#######''''##########
#....# #....# #....#
#++#######....#
.......).#....#
........))....+
.......@)(....+
÷......g)#ß..ß#
###############


You could see a gnoll sergeant.

Vanquished Creatures
  Menkaure (D:5)
  A water moccasin (D:5)
  An ice beast (D:5)
  An ogre (D:4)
  A phantom (D:5)
  A scorpion (D:5)
  3 bombardier beetles
  A hound (D:5)
  2 sleepcaps
  Robin (D:2)
  5 gnolls (D:3)
  3 adders (D:4)
  4 dart slugs
  2 ribbon worms (D:4)
  4 orcs
  6 bats
  7 endoplasms
  A giant cockroach (D:4)
  11 goblins
  8 hobgoblins
  4 jackals (D:3)
  3 quokkas (D:2)
  4 ball pythons
  2 frilled lizards
  7 kobolds
  8 rats
92 creatures vanquished.

Vanquished Creatures (others)
  A bombardier beetle (D:5)
  A sleepcap (D:5)
  An adder (D:4)
  2 ufetubi (D:4)
  An endoplasm (D:4)
  A giant cockroach (D:4)
  A hobgoblin (D:4)
  A kobold (D:4)
9 creatures vanquished.

Grand Total: 101 creatures vanquished

Notes
Turn   | Place    | Note
-------+----------+-------------------------------------------
     0 | D:1      | jasper the Troll Fighter began the quest for the Orb.
     0 | D:1      | Reached XP level 1. HP: 22/22 MP: 0/0
   318 | D:1      | Reached XP level 2. HP: 28/29 MP: 1/1
   626 | D:1      | Identified a scroll of acquirement
   626 | D:1      | Acquired 330 gold pieces
   765 | D:2      | Noticed Robin
   777 | D:2      | Reached XP level 3. HP: 36/36 MP: 2/2
   801 | D:2      | Killed Robin
   811 | D:2      | Reached skill level 3 in Unarmed Combat
  1457 | D:3      | Reached XP level 4. HP: 43/44 MP: 3/3
  1604 | D:3      | Found a faded altar of an unknown god.
  1617 | D:3      | Prayed at the altar of an unknown god.
  1617 | D:3      | Became a worshipper of Jiyva Juriq the Shapeless
  1617 | D:3      | Reached * piety under Jiyva
  1804 | D:4      | Noticed an ogre
  1811 | D:4      | Reached XP level 5. HP: 53/53 MP: 4/4
  1818 | D:4      | Killed an ogre
  1819 | D:4      | Reached skill level 4 in Unarmed Combat
  2028 | D:4      | Reached ** piety under Jiyva
  2118 | D:4      | Reached XP level 6. HP: 61/61 MP: 5/5
  2461 | D:4      | Noticed a moth of wrath
  2463 | D:4      | Found a bloodstained altar of Trog.
  2574 | D:5      | Entered Level 5 of the Dungeon
  2574 | D:5      | Noticed an ice beast
  2580 | D:5      | Killed an ice beast
  2588 | D:5      | Noticed Menkaure
  2593 | D:5      | Killed Menkaure
  2594 | D:5      | Reached skill level 5 in Unarmed Combat
  2594 | D:5      | Reached XP level 7. HP: 66/67 MP: 6/6
  2762 | D:5      | Reached *** piety under Jiyva
  2854 | D:5      | Identified the +9 whip of Hatred {chaos, Int+2 Dex+3}
  2943 | D:5      | Found a burning altar of Makhleb.
  2974 | D:5      | Found a sacrificial altar of Ru.
  3117 | D:5      | Gained mutation: You have a small jelly attached to you
                  | that may absorb projectiles. [Jiyva's grace]
  3117 | D:5      | Gained mutation: Your flesh is heat resistant. (rF+)
                  | [Jiyva's grace]
  3117 | D:5      | Gained mutation: Your flesh is very heat resistant. (rF++)
                  | [Jiyva's grace]
  3117 | D:5      | Gained mutation: Your flesh is almost immune to the effects
                  | of heat. (rF+++) [Jiyva's grace]
  3382 | D:3      | HP: 3/70 [gnoll sergeant/+0 trident (10)]
  3383 | D:3      | Slain by a gnoll sergeant

Illustrated notes

Levels and vault maps discovered:
D:1:      eino_arrival_water_cross, layout_basic, minmay_heptomino_w4
D:2:      layout_basic, serial_forest, infiniplex_forest_straight_3,
          infiniplex_forest_split, infiniplex_forest_end_3,
          infiniplex_forest_clump_C, infiniplex_forest_zigzag_1,
          infiniplex_forest_lined_corner, infiniplex_forest_clump_C,
          chequers_serial_rivers_large_b, uniq_robin
D:3:      lemuel_castle_with_subvaults [lemuel_castle_interior_carwin_2],
          layout_basic, chequers_ecumenical_altar_simple, uniq_grinder
D:4:      layout_loops_corners, tgw_trog
D:5:      layout_loops_ring, mainiacjoe_overflow_two_lobes,
          chequers_serial_rivers_micro_d, uniq_menkaure

Skill      XL: |  1  2  3  4  5  6  7 |
---------------+----------------------+-----
Shields        | 3 4 |  4.5
Unarmed Combat | 3 4 5 |  5.8
Dodging        | 3 4 |  4.1
Fighting       | 3 4 |  4.0

Action                     |  1- 3 |  4- 6 |  7- 9 || total
---------------------------+-------+-------+-------++-------
  Melee: Unarmed           |   138 |    78 |    65 ||   281
  Throw: Stone             |     8 |       |       ||     8
    Use: Scroll            |     5 |     2 |       ||     7
         Potion            |       |     1 |       ||     1
 Armour: Robe              |    69 |    35 |    55 ||   159
  Dodge: Dodged            |    35 |    17 |    25 ||    77
  Block: Kite shield       |    40 |    30 |    29 ||    99

Table legend: (Time is in decaauts)
 A = Elapsed time spent in this place.
 B = Non-inter-level travel time spent in this place.
 C = Inter-level travel time spent in this place.
 D = Time resting spent in this place.
 E = Time spent auto-exploring this place.
 F = Levels seen in this place.
 G = Mean time per level.
                   A        B        C        D        E       F      G
               +--------+--------+--------+--------+--------+-----+--------+
         Total |   3397 |   3316 |     81 |      0 |   2539 |   5 |  679.4 |
       Dungeon |   3397 |   3316 |     81 |      0 |   2539 |   5 |  679.4 |
               +--------+--------+--------+--------+--------+-----+--------+

Top non-repeatable levels by time:
     D:4: 793 daAuts
     D:2: 781 daAuts
     D:5: 715 daAuts
     D:1: 648 daAuts
     D:3: 458 daAuts
